[Event "Titled Tuesday Blitz July 13 2021"]
[White "Pridorozhni, Aleksei"]
[Black "Stribuk, Artiom"]
[WhiteFideId "4127870"]
[BlackFideId "13515659"]
[WhiteElo "2565"]
[BlackElo "2224"]
[Result "1/2-1/2"]
[Round "07"]
[TimeControl "180+1"]
[Date "2021.07.13"]
[WhiteClock "0:00:54"]
[BlackClock "0:00:07"]

1. e4 c5 2. Nc3 Nc6 3. Bb5 Nd4 4. Nf3 Nxb5 5. Nxb5 d6 6. d4 Nf6 7. Nc3 cxd4 8. Qxd4 e5 9. Qd3 h6 10. Nd2 Be7 11. Nc4 O-O 12. O-O Be6 13. Ne3 Rc8 14. b3 a6 15. a4 Qc7 16. Bb2 Rfd8 17. Rac1 Qc6 18. Rfd1 b5 19. axb5 axb5 20. f3 b4 21. Ncd5 Bxd5 22. exd5 Qc5 23. Kh1 Ra8 24. Ra1 g6 25. g3 Nd7 26. Nc4 Nb6 27. Nxb6 Qxb6 28. Kg2 h5 29. Rxa8 Rxa8 30. Ra1 Rxa1 31. Bxa1 Bg5 32. Bb2 Be3 33. c4 Bc5 34. Bc1 Qa7 35. Kh3 Qa2 36. Be3 Bxe3 37. Qxe3 Qc2 38. g4 hxg4+ 39. fxg4 Kg7 40. Kg3 f5 41. gxf5 gxf5 42. Qg5+ Kf7 43. Qh5+ Kg7 44. Qg5+ Kf7 45. Qh5+ Kg7 46. Qg5+ 1/2-1/2


[Site "https://www.chess.com"]

[Event "Titled Tuesday Blitz July 13 2021"]
[White "Pruijssers, Roeland"]
[Black "Boidiya, Sidi"]
[WhiteFideId "1013068"]
[BlackFideId "19600100"]
[WhiteElo "2545"]
[BlackElo "2113"]
[Result "1-0"]
[Round "07"]
[TimeControl "180+1"]
[Date "2021.07.13"]
[WhiteClock "0:00:57"]
[BlackClock "0:01:35"]

1. e4 c5 2. Nf3 e6 3. Bd3 Nc6 4. O-O Nf6 5. Re1 d6 6. c3 Be7 7. a3 Qc7 8. b4 b6 9. Bc2 Bb7 10. d4 cxd4 11. cxd4 Rc8 12. Re2 O-O 13. Bb2 Rfd8 14. d5 Nb8 15. dxe6 fxe6 16. Nc3 Nbd7 17. Nb5 Qb8 18. Nbd4 Nf8 19. Ng5 e5 20. Nf5 Qc7 21. Bb3+ d5 22. exd5 Bxd5 23. Rxe5 Ng6 24. Rxd5 Nxd5 25. Bxd5+ Kh8 26. Bxg7# 1-0


[Site "https://www.chess.com"]

[Event "Titled Tuesday Blitz July 13 2021"]
[White "Przybylski, Wojciech"]
[Black "Arabidze, Meri"]
[WhiteFideId "1117599"]
[BlackFideId "13604040"]
[WhiteElo "2317"]
[BlackElo "2432"]
[Result "0-1"]
[Round "07"]
[TimeControl "180+1"]
[Date "2021.07.13"]
[WhiteClock "0:00:05"]
[BlackClock "0:00:17"]

1. e4 c5 2. Nf3 e6 3. b3 b6 4. c4 Bb7 5. Nc3 Nc6 6. Bb2 e5 7. Nd5 d6 8. g3 Nf6 9. d3 Nxd5 10. cxd5 Ne7 11. Bg2 g6 12. O-O Bg7 13. Nd2 O-O 14. f4 f5 15. Nc4 exf4 16. Bxg7 Kxg7 17. gxf4 b5 18. Ne3 a5 19. a4 bxa4 20. Rxa4 Ba6 21. Nc4 Bb5 22. Ra3 Bxc4 23. bxc4 fxe4 24. dxe4 Kg8 25. Bh3 Nc8 26. Be6+ Kh8 27. Qa1+ Qf6 28. Qxf6+ Rxf6 29. e5 Rf8 30. Bd7 g5 31. e6 gxf4 32. Raf3 Ne7 33. Ba4 Ng6 34. h4 h5 35. Kh2 Rab8 36. Bb5 Kg7 37. Ra1 Ne5 38. Rfa3 Kf6 39. Rxa5 Rg8 40. Rf1 Rg4 41. Ra7 Rbg8 42. Ra3 Rxh4+ 43. Rh3 Ng4+ 44. Kg2 Ne3+ 45. Kf2 Rxh3 46. Rg1 Rxg1 47. Kxg1 Nf5 48. Kf2 Rg3 49. Bd7 h4 50. e7 Nxe7 51. Be6 h3 52. Bxh3 Rxh3 53. Kg2 Rc3 54. Kf2 Kf5 55. Ke2 Ke4 56. Kf2 f3 57. Kg1 Rc2 58. Kh1 Kf4 59. Kg1 Kg3 60. Kh1 Rc1# 0-1


[Site "https://www.chess.com"]

[Event "Titled Tuesday Blitz July 13 2021"]
[White "Rodriguez Hernandez, Luis Daniel"]
[Black "Pein, Jonathan"]
[WhiteFideId "3506770"]
[BlackFideId "417092"]
[WhiteElo "2133"]
[BlackElo "2167"]
[Result "1-0"]
[Round "07"]
[TimeControl "180+1"]
[Date "2021.07.13"]
[WhiteClock "0:00:06"]
[BlackClock "0:00:55"]

1. e4 c5 2. c3 g6 3. d4 cxd4 4. cxd4 Bg7 5. Nc3 d5 6. e5 Nc6 7. h3 h5 8. Nf3 e6 9. Nb5 Nh6 10. Bg5 Qa5+ 11. Bd2 Qb6 12. Nd6+ Kf8 13. Qb3 Nxd4 14. Nxd4 Qxd4 15. Bc3 Qb6 16. Qxb6 axb6 17. Bb5 Nf5 18. f4 Ne3 19. Kf2 Nf5 20. Bb4 Kg8 21. Rhc1 Ne7 22. Rc7 Bf8 23. Nxb7 Bxb7 24. Rxb7 Nf5 25. Bxf8 Kxf8 26. Rc1 Kg7 27. Rcc7 Rxa2 28. Rxf7+ Kh6 29. g4 Rxb2+ 30. Be2 hxg4 31. hxg4 Nd4 32. g5# 1-0


[Site "https://www.chess.com"]

[Event "Titled Tuesday Blitz July 13 2021"]
[White "Rodriguez, Santiago"]
[Black "Tejedor Fuente, Enrique"]
[WhiteFideId "3000591"]
[BlackFideId "2299100"]
[WhiteElo "2256"]
[BlackElo "2535"]
[Result "1-0"]
[Round "07"]
[TimeControl "180+1"]
[Date "2021.07.13"]
[WhiteClock "0:00:03"]
[BlackClock "0:00:01"]

1. d4 c5 2. d5 e6 3. Nc3 Nf6 4. Bg5 d6 5. e4 Be7 6. Nf3 O-O 7. dxe6 Bxe6 8. Be2 Nc6 9. O-O h6 10. Bf4 a6 11. Re1 Nh5 12. Be3 Nf6 13. h3 Qd7 14. Bf1 Rad8 15. Bf4 Rfe8 16. Nd5 Bxd5 17. exd5 Nb4 18. c4 Qf5 19. Bg3 Qc2 20. a3 Qxd1 21. Rexd1 Nc2 22. Rac1 Nd4 23. Nxd4 cxd4 24. Rxd4 Nd7 25. Re4 Bf8 26. Rce1 Rxe4 27. Rxe4 Rb8 28. b4 a5 29. c5 axb4 30. axb4 Rd8 31. c6 Nf6 32. Rc4 bxc6 33. dxc6 Ne8 34. b5 Rb8 35. c7 Nxc7 36. Rxc7 g6 37. Bc4 d5 38. Bxd5 Rxb5 39. Bxf7+ Kh8 40. Bxg6 Rg5 41. Bd3 Rd5 42. Bc4 Rd1+ 43. Kh2 Bg7 44. f4 Rd4 45. f5 h5 46. Rxg7 Rxc4 47. Rg5 h4 48. Be5+ Kh7 49. f6 Rc8 50. f7 Rc2 51. Rg4 Rf2 52. Rxh4+ Kg6 53. Rf4 Rc2 54. f8=Q Rc7 55. Rg4+ 1-0


[Site "https://www.chess.com"]

[Event "Titled Tuesday Blitz July 13 2021"]
[White "Sadovsky, Artem"]
[Black "Tomb, Maroun"]
[WhiteFideId "4155840"]
[BlackFideId "5300398"]
[WhiteElo "2442"]
[BlackElo "2523"]
[Result "0-1"]
[Round "07"]
[TimeControl "180+1"]
[Date "2021.07.13"]
[WhiteClock "0:00:01"]
[BlackClock "0:00:24"]

1. Nf3 d6 2. d4 Nf6 3. Nc3 Nbd7 4. Bg5 e5 5. e3 c6 6. a4 h6 7. Bxf6 Qxf6 8. Bd3 d5 9. dxe5 Nxe5 10. Nxe5 Qxe5 11. Qd2 Bb4 12. O-O Bg4 13. h3 Bh5 14. f4 Qd6 15. g4 Bg6 16. Bxg6 fxg6 17. Qd4 O-O 18. Rad1 Rae8 19. Qd3 Bc5 20. Rf3 Rxf4 21. Rdf1 Rxf3 22. Rxf3 h5 23. Kg2 Re5 24. Ne2 h4 25. Nf4 Re4 26. b3 Qe5 27. Nxg6 Qa1 28. Nxh4 Qe1 29. Nf5 g6 30. Ng3 Re6 31. Rf1 Qxe3 32. Qxe3 Rxe3 33. h4 Bd6 34. Nh1 Re4 35. Kh3 Bc5 36. Rf6 Kg7 37. Rf1 Re2 0-1


[Site "https://www.chess.com"]

[Event "Titled Tuesday Blitz July 13 2021"]
[White "Seo, Jung Min"]
[Black "Gurevich, Dmitry"]
[WhiteFideId "1734687"]
[BlackFideId "2000407"]
[WhiteElo "2486"]
[BlackElo "2506"]
[Result "0-1"]
[Round "07"]
[TimeControl "180+1"]
[Date "2021.07.13"]
[WhiteClock "0:02:20"]
[BlackClock "0:01:10"]

1. e4 c5 2. Nc3 g6 3. Nf3 Bg7 4. d4 cxd4 5. Nxd4 Nc6 6. Be3 Nf6 7. f3 O-O 8. Bc4 Qb6 9. Bb3 Nxe4 10. Nd5 Qa5+ 11. c3 Nf6 12. Nxc6 dxc6 13. Nxe7+ Kh8 14. Nxc8 Raxc8 15. O-O Rcd8 16. Qc2 Nd5 17. Bf2 Qc7 18. Rfe1 a6 19. a3 Bf6 20. a4 Kg7 21. Bc4 h5 22. Bf1 h4 23. Rad1 Nf4 24. Re4 Ne6 25. Bxh4 Bxh4 26. Rxh4 Qb6+ 27. Kh1 Rxd1 28. Qxd1 Qxb2 29. Rb4 Qxc3 30. Rxb7 Rd8 31. Qb1 Rd2 32. h3 Qd4 33. Rb4 Rd1 0-1


[Site "https://www.chess.com"]

[Event "Titled Tuesday Blitz July 13 2021"]
[White "Shahade, Gregory"]
[Black "Nozdrachev, Leonid"]
[WhiteFideId "2009064"]
[BlackFideId "24113433"]
[WhiteElo "2710"]
[BlackElo "2221"]
[Result "1-0"]
[Round "07"]
[TimeControl "180+1"]
[Date "2021.07.13"]
[WhiteClock "0:01:34"]
[BlackClock "0:01:13"]

1. e4 d6 2. d4 Nf6 3. Nc3 e5 4. Nge2 Nbd7 5. h3 d5 6. exd5 Bb4 7. dxe5 Nxe5 8. Nf4 Qe7 9. Be2 g5 10. Nd3 Nxd5 11. Nxb4 Nxb4 12. a3 Nbc6 13. O-O Be6 14. f4 gxf4 15. Bxf4 Rg8 16. Kh1 Rd8 17. Qe1 Ng6 18. Bg3 Qg5 19. Bg4 Nce5 20. Ne4 1-0


[Site "https://www.chess.com"]

[Event "Titled Tuesday Blitz July 13 2021"]
[White "Sharapov, Evgeny"]
[Black "Pinto, Daniel"]
[WhiteFideId "14103133"]
[BlackFideId "3303144"]
[WhiteElo "2367"]
[BlackElo "1936"]
[Result "1-0"]
[Round "07"]
[TimeControl "180+1"]
[Date "2021.07.13"]
[WhiteClock "0:00:34"]
[BlackClock "0:00:01"]

1. c4 Nf6 2. Nc3 e6 3. e4 d5 4. e5 d4 5. exf6 dxc3 6. bxc3 Qxf6 7. d4 c5 8. Nf3 cxd4 9. cxd4 Bb4+ 10. Bd2 Bxd2+ 11. Qxd2 O-O 12. Be2 b6 13. O-O Bb7 14. Ne5 Rd8 15. Rad1 Nd7 16. f4 Nxe5 17. fxe5 Qg6 18. Bf3 Bxf3 19. Rxf3 Rd7 20. d5 Rc8 21. Qd3 Qxd3 22. Rdxd3 Rxc4 23. dxe6 Rxd3 24. exf7+ Kf8 25. Rxd3 Kxf7 26. Rd7+ Ke6 27. Rxa7 Kxe5 28. Rxg7 Rc1+ 29. Kf2 Rc2+ 30. Kf3 Rxa2 31. Rxh7 Kf5 32. Rh5+ Kg6 33. Rb5 Ra3+ 34. Kf4 Ra4+ 35. Kg3 Ra3+ 36. Kh4 Ra6 37. h3 Kh6 38. g4 Kg6 39. Rd5 Kg7 40. Kh5 Ra5 41. Rg5+ Rxg5+ 42. Kxg5 b5 43. Kf4 Kf6 44. Ke3 Kg5 45. Kd2 1-0


[Site "https://www.chess.com"]

[Event "Titled Tuesday Blitz July 13 2021"]
[White "Shkapenko, Pavel"]
[Black "Odegov, Artem"]
[WhiteFideId "4151933"]
[BlackFideId "34183644"]
[WhiteElo "2386"]
[BlackElo "2288"]
[Result "1-0"]
[Round "07"]
[TimeControl "180+1"]
[Date "2021.07.13"]
[WhiteClock "0:01:56"]
[BlackClock "0:00:15"]

1. e4 e6 2. d4 d5 3. exd5 exd5 4. Nf3 Bd6 5. c4 dxc4 6. Bxc4 Nf6 7. O-O O-O 8. Nc3 Nc6 9. h3 Bf5 10. Bg5 Be7 11. Re1 h6 12. Bh4 Re8 13. Qb3 Bg6 14. Qxb7 Nb4 15. Ne5 Rb8 16. Qf3 Bh5 17. g4 Nc2 18. gxh5 Nxe1 19. Rxe1 Qxd4 20. Bxf7+ Kh8 21. Bxe8 Rxe8 22. Ng6+ Kh7 23. Bxf6 Bxf6 24. Rxe8 1-0


[Site "https://www.chess.com"]

[Event "Titled Tuesday Blitz July 13 2021"]
[White "Shuvalov, Evgenij"]
[Black "Florescu, Codrut-Constantin"]
[WhiteFideId "4187237"]
[BlackFideId "1202200"]
[WhiteElo "2163"]
[BlackElo "2243"]
[Result "1-0"]
[Round "07"]
[TimeControl "180+1"]
[Date "2021.07.13"]
[WhiteClock "0:00:50"]
[BlackClock "0:01:38"]

1. Nf3 d5 2. c4 e6 3. g3 Nf6 4. Bg2 Be7 5. O-O O-O 6. b3 a5 7. Nc3 c6 8. e3 Nbd7 9. d4 b6 10. Bb2 Ba6 11. Nd2 b5 12. e4 bxc4 13. bxc4 dxc4 14. Rc1 Nb6 15. Qe2 Rb8 16. Rfd1 Qc8 17. Rc2 Rd8 18. Qe3 Bb5 19. Rdc1 h6 20. h3 Qa6 21. g4 Na4 22. Nxa4 Bxa4 23. Rxc4 Rxb2 24. Rxa4 Bb4 25. Bf1 Bxd2 26. Bxa6 Bxe3 27. fxe3 Nxe4 28. Rxa5 Ng5 29. Bd3 Nxh3+ 30. Kf1 Rdb8 31. Rc2 Rxc2 32. Bxc2 Rb2 33. Ra8+ 1-0


[Site "https://www.chess.com"]

[Event "Titled Tuesday Blitz July 13 2021"]
[White "Solon, Nathan"]
[Black "Seul, Georg"]
[WhiteFideId "2017229"]
[BlackFideId "4601653"]
[WhiteElo "2631"]
[BlackElo "2332"]
[Result "1-0"]
[Round "07"]
[TimeControl "180+1"]
[Date "2021.07.13"]
[WhiteClock "0:00:38"]
[BlackClock "0:00:22"]

1. d4 Nf6 2. c4 e6 3. g3 Bb4+ 4. Nd2 O-O 5. Bg2 d5 6. Nf3 c5 7. cxd5 exd5 8. O-O cxd4 9. Nb3 Re8 10. Nbxd4 Nc6 11. a3 Bc5 12. b4 Bb6 13. Bb2 Bg4 14. h3 Bh5 15. Nf5 Rc8 16. g4 Bg6 17. N3h4 d4 18. Bxc6 bxc6 19. Bxd4 Bc7 20. e3 Bxf5 21. Nxf5 Re6 22. Qf3 Be5 23. Rfd1 Bxd4 24. Rxd4 Qc7 25. Rad1 g6 26. Nh6+ Kg7 27. g5 Nd5 28. b5 Qe5 29. Nxf7 1-0


[Site "https://www.chess.com"]

[Event "Titled Tuesday Blitz July 13 2021"]
[White "Sonis, Francesco"]
[Black "Patrascu, Catalin-Lucian"]
[WhiteFideId "895733"]
[BlackFideId "1229052"]
[WhiteElo "2373"]
[BlackElo "2120"]
[Result "1-0"]
[Round "07"]
[TimeControl "180+1"]
[Date "2021.07.13"]
[WhiteClock "0:00:45"]
[BlackClock "0:00:01"]

1. d4 Nf6 2. Bf4 e6 3. e3 b6 4. c3 Bb7 5. Nd2 c5 6. h3 cxd4 7. exd4 d6 8. Bh2 Nbd7 9. a4 a6 10. Ngf3 Be7 11. Bd3 O-O 12. Qe2 Qc7 13. O-O h6 14. Rfc1 Rfe8 15. a5 bxa5 16. Nc4 Rab8 17. Rxa5 Bf8 18. Ra2 Nb6 19. Ncd2 e5 20. dxe5 Nfd7 21. Bxa6 dxe5 22. Bxb7 Qxb7 23. Qe4 Qc7 24. b4 g6 25. c4 f5 26. Qb1 Qc6 27. c5 Nd5 28. Rb2 e4 29. Nd4 Qf6 30. Bxb8 Qxd4 31. Bh2 e3 32. Nf3 exf2+ 33. Rxf2 Qf6 34. Qb3 f4 1-0


[Site "https://www.chess.com"]

[Event "Titled Tuesday Blitz July 13 2021"]
[White "Srihari L R"]
[Black "Siniauski, Artsiom"]
[WhiteFideId "46617116"]
[BlackFideId "13512269"]
[WhiteElo "2121"]
[BlackElo "2210"]
[Result "1/2-1/2"]
[Round "07"]
[TimeControl "180+1"]
[Date "2021.07.13"]
[WhiteClock "0:00:11"]
[BlackClock "0:00:07"]

1. Nf3 Nf6 2. c4 b6 3. g3 Bb7 4. Bg2 g6 5. O-O Bg7 6. Nc3 O-O 7. b4 Ne4 8. Bb2 Nxc3 9. Bxc3 Bxc3 10. dxc3 d6 11. Qd2 Kg7 12. Qd4+ e5 13. Nxe5 c5 14. bxc5 bxc5 15. Nxf7+ cxd4 16. Nxd8 Bxg2 17. Ne6+ Kf7 18. Ng5+ Kf6 19. Nxh7+ Kg7 20. Nxf8 Bxf1 21. Ne6+ Kf6 22. Nc7 Bxe2 23. Nxa8 d3 24. Nc7 d2 25. Nd5+ Ke5 26. Ne3 Ke4 27. Rb1 Nc6 28. Rb2 Kd3 29. Rb7 Ne5 30. c5 Nc4 31. Rd7 Nxe3 32. Rxd6+ Kxc3 33. fxe3 d1=Q+ 34. Rxd1 Bxd1 35. c6 Bg4 36. Kg2 Kd3 37. h3 Be6 38. c7 Kxe3 39. a3 a5 40. g4 g5 41. Kg3 Ke4 42. h4 gxh4+ 43. Kxh4 Ke5 44. Kg5 Kd6 45. Kf4 Kxc7 46. Ke3 Bxg4 47. Kd2 Kb6 48. Kc3 Kb5 49. a4+ Kc5 50. Kb2 Bd7 51. Ka1 Kb4 52. Kb2 Kxa4 53. Ka1 Ka3 54. Kb1 Bf5+ 55. Ka1 Bg4 56. Kb1 Kb3 57. Ka1 Bd1 58. Kb1 a4 59. Ka1 a3 60. Kb1 a2+ 61. Ka1 Ka3 1/2-1/2


[Site "https://www.chess.com"]

[Event "Titled Tuesday Blitz July 13 2021"]
[White "Steinberg, Nitzan"]
[Black "Terry, Renato"]
[WhiteFideId "2801795"]
[BlackFideId "3803457"]
[WhiteElo "2440"]
[BlackElo "2581"]
[Result "0-1"]
[Round "07"]
[TimeControl "180+1"]
[Date "2021.07.13"]
[WhiteClock "0:00:03"]
[BlackClock "0:00:05"]

1. e4 e6 2. d4 d5 3. Nc3 Nf6 4. e5 Nfd7 5. f4 c5 6. Nf3 Nc6 7. Be3 Be7 8. Qd2 O-O 9. h4 a6 10. a3 b5 11. h5 Bb7 12. h6 g6 13. g3 Rc8 14. Rd1 cxd4 15. Nxd4 b4 16. axb4 Bxb4 17. Nxc6 Rxc6 18. Bd4 Nc5 19. Bd3 Na4 20. Rb1 Qc7 21. Kf2 Nxc3 22. bxc3 Bxc3 23. Bxc3 Rxc3 24. Rxb7 Rxd3 25. Rxc7 Rxd2+ 26. Ke3 Rg2 27. Kf3 Rd2 28. g4 g5 29. fxg5 Rd4 30. Re1 a5 31. Re3 a4 32. Kg3 Ra8 33. Rf3 Rf8 34. Re3 Ra8 35. Rf3 Rf8 36. g6 hxg6 37. Kh4 Re4 38. Kg5 Rxe5+ 39. Kf6 Re4 40. Ke7 Rxg4 41. Rh3 Rf4 42. Ra7 Rf5 43. Rxa4 Rc8 44. Ra7 Kh7 45. Kd6 Rd8+ 46. Ke7 Rg8 47. Rd7 g5 48. Kd6 g4 49. Rh1 g3 50. Rg1 g2 51. Kc5 Rf1 0-1


[Site "https://www.chess.com"]

[Event "Titled Tuesday Blitz July 13 2021"]
[White "Stoyanov, Tsvetan"]
[Black "Tristan, Leonardo"]
[WhiteFideId "2917173"]
[BlackFideId "113816"]
[WhiteElo "2198"]
[BlackElo "2404"]
[Result "0-1"]
[Round "07"]
[TimeControl "180+1"]
[Date "2021.07.13"]
[WhiteClock "0:00:13"]
[BlackClock "0:00:14"]

1. e4 c5 2. Nf3 Nc6 3. d4 cxd4 4. Nxd4 Nf6 5. Nc3 e6 6. Ndb5 Bc5 7. Bf4 O-O 8. Bc7 Qe7 9. Bd6 Bxd6 10. Qxd6 Qd8 11. Nc7 Rb8 12. Be2 b5 13. e5 Ne8 14. Nxe8 Rxe8 15. Bxb5 Qa5 16. Bxc6 Rxb2 17. O-O Qxc3 18. Be4 Rb6 19. Qd3 Qxe5 20. Bxh7+ Kf8 21. Rae1 Qc5 22. Qd2 g6 23. Qh6+ Ke7 24. Qg7 Qg5 25. Re3 Qf6 26. Qh6 Bb7 27. Rd1 Rb5 28. Rg3 Rd5 29. Rb1 Bc6 30. Bxg6 Rh8 31. Qe3 fxg6 32. Qa3+ Kf7 33. Rf3 Rf5 34. Rxf5 gxf5 35. Qxa7 Rg8 36. g3 Qe5 37. Qa3 Qd5 38. f3 Ra8 39. Qe3 Rxa2 40. Rf1 Rxc2 41. Qh6 Qd4+ 42. Kh1 Bxf3+ 43. Rxf3 Qd1+ 0-1


[Site "https://www.chess.com"]

[Event "Titled Tuesday Blitz July 13 2021"]
[White "Sztokbant, Bernardo Vainzoff"]
[Black "Damjanovic, Vladimir"]
[WhiteFideId "2115956"]
[BlackFideId "903795"]
[WhiteElo "2264"]
[BlackElo "2374"]
[Result "0-1"]
[Round "07"]
[TimeControl "180+1"]
[Date "2021.07.13"]
[WhiteClock "0:00:41"]
[BlackClock "0:01:28"]

1. c4 Nf6 2. Nc3 c5 3. g3 e6 4. Bg2 d5 5. d3 d4 6. Nb1 Nc6 7. Nf3 Be7 8. O-O O-O 9. e3 e5 10. exd4 cxd4 11. Re1 Nd7 12. a3 a5 13. Nbd2 Nc5 14. Qc2 Bf5 15. Bf1 Bf6 16. Rb1 a4 17. b4 axb3 18. Nxb3 Na4 19. Bd2 Re8 20. Bg2 Qd7 21. c5 Rad8 22. Qc4 Nc3 23. Rbc1 Be6 24. Rxc3 dxc3 25. Qxc3 e4 26. d4 exf3 0-1


[Site "https://www.chess.com"]

[Event "Titled Tuesday Blitz July 13 2021"]
[White "Tanenbaum, Zachary"]
[Black "Gallegos Diaz, Carlos Alberto"]
[WhiteFideId "2060850"]
[BlackFideId "3900886"]
[WhiteElo "2165"]
[BlackElo "2362"]
[Result "1-0"]
[Round "07"]
[TimeControl "180+1"]
[Date "2021.07.13"]
[WhiteClock "0:00:19"]
[BlackClock "0:00:24"]

1. e4 d6 2. d4 Nf6 3. Nc3 c6 4. Nf3 Qa5 5. Bd2 e5 6. dxe5 dxe5 7. Nd5 Qd8 8. Nxf6+ Qxf6 9. Bc4 Bd6 10. O-O O-O 11. Qe2 b5 12. Bb3 a5 13. a4 Nd7 14. axb5 Nc5 15. Bc4 cxb5 16. Bxb5 Bb7 17. Bd3 Bc7 18. Bc3 Rfd8 19. Rfd1 a4 20. Bb4 Nxd3 21. cxd3 Bb6 22. Bc3 Re8 23. Nd2 Qg5 24. Nc4 Bc7 25. Rf1 Bc6 26. Kh1 Re6 27. Bd2 Qh4 28. Ne3 Rh6 29. h3 Rg6 30. Nf5 Qf6 31. f4 exf4 32. Bxf4 Bxf4 33. Rxf4 a3 34. Nh6+ Rxh6 35. Rxf6 Rxf6 36. Rxa3 Re8 37. Kh2 Rfe6 38. Ra7 f5 39. Qf2 Rf6 40. exf5 Rd8 41. Qg3 Bd7 42. Qc7 1-0


[Site "https://www.chess.com"]

[Event "Titled Tuesday Blitz July 13 2021"]
[White "Tikhonov, Viacheslav"]
[Black "Shukhman, Anna"]
[WhiteFideId "44196407"]
[BlackFideId "54180058"]
[WhiteElo "1773"]
[BlackElo "1628"]
[Result "1-0"]
[Round "07"]
[TimeControl "180+1"]
[Date "2021.07.13"]
[WhiteClock "0:00:12"]
[BlackClock "0:00:21"]

1. e4 c5 2. Nf3 e6 3. b3 b6 4. Bb2 Bb7 5. Qe2 Nf6 6. d3 Nc6 7. g3 Be7 8. Bg2 O-O 9. e5 Nd5 10. O-O d6 11. Nbd2 dxe5 12. Nxe5 Nxe5 13. Bxe5 Bf6 14. c4 Nc3 15. Bxc3 Bxg2 16. Kxg2 Bxc3 17. Rad1 Bxd2 18. Rxd2 Qd4 19. Qf3 Rad8 20. Re1 Qc3 21. Qd1 Qf6 22. Re4 Rd4 23. Qf3 Qxf3+ 24. Kxf3 Rfd8 25. Rxd4 Rxd4 26. Ke3 e5 27. Rb2 a5 28. a3 g5 29. b4 axb4 30. axb4 e4 31. bxc5 bxc5 32. dxe4 Rxc4 33. Rb8+ Kg7 34. Rc8 Rc2 35. h3 h6 36. e5 Kg6 37. g4 Rc3+ 38. Ke4 Rxh3 39. Rxc5 Rh2 40. Rc6+ Kg7 41. Kf3 Rh3+ 42. Ke4 Ra3 43. Rc7 Kf8 44. e6 fxe6 45. Rh7 Ra4+ 46. Ke5 Rxg4 47. Rxh6 Rf4 48. Rf6+ Rxf6 49. Kxf6 g4 50. Kxe6 Kg7 51. Kf5 g3 52. fxg3 Kh6 53. g4 Kg7 54. Kg5 Kf7 55. Kh6 Kg8 56. Kg6 Kh8 57. g5 Kg8 58. Kh6 Kh8 59. g6 Kg8 60. g7 Kf7 61. Kh7 Kf6 62. g8=Q Ke5 63. Qd8 Ke4 64. Qd6 Kf5 65. Qe7 Kf4 66. Qe6 Kf3 67. Qe5 Kf2 68. Kg6 Kf1 69. Kg5 Kf2 70. Kg4 Kf1 71. Qb2 Kg1 72. Kg3 Kf1 73. Qf2# 1-0


[Site "https://www.chess.com"]

[Event "Titled Tuesday Blitz July 13 2021"]
[White "Tsaruk, Maksim"]
[Black "Priasmoro, Novendra"]
[WhiteFideId "13511173"]
[BlackFideId "7105029"]
[WhiteElo "2184"]
[BlackElo "2309"]
[Result "1-0"]
[Round "07"]
[TimeControl "180+1"]
[Date "2021.07.13"]
[WhiteClock "0:01:22"]
[BlackClock "0:00:57"]

1. e4 c5 2. Nf3 Nc6 3. d4 cxd4 4. Nxd4 g6 5. Be3 Bg7 6. c4 Nf6 7. Nc3 d6 8. Be2 O-O 9. O-O Bd7 10. f3 Nxd4 11. Bxd4 Bc6 12. Qd2 Nd7 13. Bf2 a5 14. b3 Nc5 15. Rad1 Qb6 16. Nb5 Rfc8 17. Qg5 Bf6 18. Qe3 Qd8 19. Rfe1 Qf8 20. Bf1 Qg7 21. g3 h5 22. Bg2 Bxb5 23. cxb5 Rab8 24. f4 a4 25. e5 dxe5 26. fxe5 axb3 27. axb3 Ne6 28. exf6 Qxf6 29. Qe5 Qxe5 30. Rxe5 Rc3 31. Ba7 Rbc8 32. b6 Rxb3 33. Bd5 Rb2 34. Rxe6 Rcc2 35. Rxe7 1-0


[Site "https://www.chess.com"]

[Event "Titled Tuesday Blitz July 13 2021"]
[White "Vasquez Schroeder, Rodrigo"]
[Black "Zubov, Alexander"]
[WhiteFideId "3400042"]
[BlackFideId "14109409"]
[WhiteElo "2572"]
[BlackElo "2740"]
[Result "1-0"]
[Round "07"]
[TimeControl "180+1"]
[Date "2021.07.13"]
[WhiteClock "0:00:22"]
[BlackClock "0:00:12"]

1. e4 c5 2. Nf3 e6 3. d4 cxd4 4. Nxd4 a6 5. Bd3 Bc5 6. Nb3 Be7 7. Qg4 g6 8. Qe2 d6 9. Na3 Nc6 10. Nc4 b5 11. Ne3 Ne5 12. a4 bxa4 13. Rxa4 Nxd3+ 14. Qxd3 Nf6 15. O-O O-O 16. Bd2 Bd7 17. Ra2 Qc7 18. Rfa1 Rfb8 19. Na5 Be8 20. f3 Nd7 21. b4 Ne5 22. Qb3 Bf6 23. Rd1 h5 24. Kh1 h4 25. h3 Bg7 26. c4 Nc6 27. Nxc6 Bxc6 28. Be1 Be8 29. Bxh4 Qb6 30. Be1 a5 31. b5 a4 32. Qd3 Rd8 33. Bc3 Be5 34. Ng4 f5 35. exf5 gxf5 36. Ne3 Qc5 37. Bd4 Qc7 38. Qc2 a3 39. Qb3 Qa5 40. Nc2 Qc7 41. Rxa3 Rac8 42. Ra4 d5 43. c5 Bxd4 44. Nxd4 Bf7 45. c6 Qb6 46. Ra6 Qc5 47. Qa3 Qc4 48. Qe7 Re8 49. Qg5+ Kf8 50. Ra7 Qc5 51. Rd7 Re7 52. Qf6 Ke8 53. Qh8+ 1-0


[Site "https://www.chess.com"]

[Event "Titled Tuesday Blitz July 13 2021"]
[White "Viskelis, Darius"]
[Black "Manukyan, Artyom"]
[WhiteFideId "12800830"]
[BlackFideId "13305786"]
[WhiteElo "2006"]
[BlackElo "2034"]
[Result "1-0"]
[Round "07"]
[TimeControl "180+1"]
[Date "2021.07.13"]
[WhiteClock "0:00:59"]
[BlackClock "0:00:05"]

1. e4 e5 2. Nf3 Nc6 3. Bc4 Bc5 4. d3 Nf6 5. Nbd2 d6 6. c3 a6 7. a4 Ba7 8. Nf1 O-O 9. Be3 Be6 10. Bxe6 fxe6 11. Bxa7 Rxa7 12. Ng3 Ra8 13. O-O Qe8 14. b4 Qg6 15. Qb3 Rae8 16. b5 axb5 17. axb5 Nd8 18. Ra8 Kh8 19. Rc8 c6 20. bxc6 bxc6 21. Ra1 h5 22. Raa8 Nd7 23. h4 Nc5 24. Qb8 Ncb7 25. Ng5 Qf6 26. Qa7 c5 27. Qxb7 Qxf2+ 28. Kh2 Nxb7 29. Rxe8 1-0


[Site "https://www.chess.com"]

[Event "Titled Tuesday Blitz July 13 2021"]
[White "Vovk, Orest"]
[Black "Taichman, Ori"]
[WhiteFideId "14113490"]
[BlackFideId "2804069"]
[WhiteElo "2203"]
[BlackElo "2227"]
[Result "1-0"]
[Round "07"]
[TimeControl "180+1"]
[Date "2021.07.13"]
[WhiteClock "0:00:07"]
[BlackClock "0:00:14"]

1. g4 d5 2. h3 e5 3. Bg2 Nc6 4. c4 dxc4 5. Bxc6+ bxc6 6. Nc3 h5 7. Qa4 hxg4 8. hxg4 Rxh1 9. Qxc6+ Qd7 10. Qxh1 Qxg4 11. Qc6+ Kd8 12. Nf3 Qg2 13. d3 Qh1+ 14. Kd2 Rb8 15. Nxe5 Qh5 16. Nxc4 Nf6 17. Kc2 Bb4 18. Bd2 Bxc3 19. bxc3 Bd7 20. Qa6 Qxe2 21. Qxa7 Rc8 22. Re1 Qg4 23. Ne5 Qa4+ 24. Qxa4 Bxa4+ 25. Kc1 Be8 26. Bg5 Ra8 27. Re2 Ra6 28. Ng4 Bd7 29. Bxf6+ gxf6 30. Ne3 Be6 31. c4 Kd7 32. Rb2 Rd6 33. Kd2 Rd4 34. Kc3 Rf4 35. d4 c6 36. a4 f5 37. a5 Rf3 38. a6 f4 39. a7 fxe3 40. fxe3 Rxe3+ 41. Kb4 c5+ 42. dxc5 Bxc4 43. a8=Q Be6 44. c6+ Ke7 45. Qb7+ Kf6 46. Rf2+ Kg7 47. Qc7 Rb3+ 48. Ka4 Rc3 49. Qe5+ Kg8 50. Qxc3 f5 51. Ka5 Kh7 52. c7 f4 53. c8=Q Bxc8 54. Qxc8 f3 55. Qg4 Kh8 56. Rh2# 1-0


[Site "https://www.chess.com"]